 Dungeon Crawl Stone Soup version 0.17-a0-1497-g03599f7 (webtiles) character file.

181 Goblin1989 the Cudgeler (level 5, 0/32 HPs)
             Began as a Gargoyle Fighter on July 6, 2015.
             Slain by a giant frog skeleton (2 damage)
             ... on level 5 of the Dungeon.
             The game lasted 00:05:42 (1642 turns).

Goblin1989 the Cudgeler (Gargoyle Fighter)          Turns: 1642, Time: 00:05:43

Health: 0/32       AC: 13    Str: 20    XL:     5   Next: 61%
Magic:  5/5        EV:  5    Int:  9    God:
Gold:   116        SH:  9    Dex:  9    Spells: 0 memorised, 4 levels left

rFire  . . .     SeeInvis .     a - +0 flail
rCold  . . .     Clarity  .     p - +0 chain mail
rNeg   + . .     SustAt   .     c - +0 shield
rPois  ∞         Gourm    .     (no helmet)
rElec  +         Spirit   .     (no cloak)
rCorr  .         Warding  .     (no gloves)
rMut   .         Stasis   .     (no boots)
MR     .....                    (no amulet)
Stlth  ..........               (no ring)
                                (no ring)

@: not resistant to hostile enchantments, extremely unstealthy
A: negative energy resistance 1, electricity resistance, unbreathing,
petrification resistance, rot immunity, AC +4
a: no special abilities


You were on level 5 of the Dungeon.
You were not hungry.

You visited 1 branch of the dungeon, and saw 4 of its levels.

You collected 116 gold pieces.

Inventory:

Hand weapons
 a - a +0 flail (weapon)
Armour
 c - a +0 shield (worn)
 p - a +0 chain mail (worn)
Scrolls
 f - a scroll of amnesia {unknown}
 g - 3 scrolls of teleportation {unknown}
 j - a scroll of identify {unknown}
 n - 2 scrolls of enchant weapon {unknown}
Potions
 b - a potion of magic {unknown}
 d - a potion of might
 h - 3 potions of curing {unknown}
 l - a potion of cancellation {unknown}
 m - a potion of cure mutation {unknown}
 r - a potion of invisibility {unknown}
Comestibles
 e - 2 bread rations
 i - a slice of pizza
 k - 2 fruits
 o - a meat ration
 q - a royal jelly


   Skills:
 - Level 3.2 Fighting
 + Level 5.6 Maces & Flails
 - Level 3.2 Armour
 - Level 3.2 Shields


You had 4 spell levels left.
You didn't know any spells.

Dungeon Overview and Level Annotations

Branches:
Dungeon (5/15)
 Temple: D:4-7

Altars:

Annotations:
D:5 random's ghost, average DgFE


Innate Abilities, Weirdness & Mutations

You are resistant to torment.
Your stone body is resilient (AC +4).
You are immune to poison.
You resist negative energy.
You are resistant to electric shocks.
You can survive without breathing.
You are immune to petrification.
You are immune to rotting.


Message History

The puff of flame hits you!
The giant frog skeleton hits you but does no damage.
You sock random's ghost!
Random's ghost is severely damaged.
The bat hits you but does no damage. Random's ghost barely misses you.
The giant frog skeleton hits you but does no damage.
Random's ghost points at you and mumbles some strange words.
The flame tongue hits you!
* * * LOW HITPOINT WARNING * * *
You hit random's ghost but do no damage.
Random's ghost is severely damaged.
You block the bat's attack.
The giant frog skeleton hits you but does no damage.
The giant frog skeleton barely misses you.
Random's ghost hits you but does no damage.
Unknown command.
You barely miss random's ghost.
Random's ghost is severely damaged.
You block the bat's attack. The giant frog skeleton hits you.
You die...

.......
.........
........
........
........
#.....W.
##.......
##ZW#
#b.@#
#..##
#.## ###


You could see random's ghost, a bat and a giant frog skeleton.

Vanquished Creatures
  A giant frog skeleton (D:3)
  Terence (D:2)
  Natasha (twice) (D:2)
  3 adders
  An ooze (D:2)
  2 worms (D:2)
  4 giant geckos
  An orc (D:3)
  6 bats
  3 hobgoblins
  6 jackals (D:2)
  10 kobolds
  A quokka (D:3)
  2 ball pythons (D:2)
  3 giant cockroaches (D:1)
  3 giant newts
  7 goblins
  3 rats
59 creatures vanquished.

Notes
Turn   | Place    | Note
--------------------------------------------------------------
     0 | D:1      | Goblin1989 the Gargoyle Fighter began the quest for the Orb.
     0 | D:1      | Reached XP level 1. HP: 14/14 MP: 1/1
   100 | D:1      | Reached XP level 2. HP: 16/19 MP: 2/2
   519 | D:2      | Reached XP level 3. HP: 13/23 MP: 3/3
   904 | D:2      | Noticed Natasha
   918 | D:2      | Killed Natasha
   918 | D:2      | Reached skill level 4 in Maces & Flails
   918 | D:2      | Reached XP level 4. HP: 20/28 MP: 4/4
  1160 | D:2      | Noticed Natasha
  1166 | D:2      | Killed Natasha
  1405 | D:2      | Noticed Terence
  1419 | D:2      | Killed Terence
  1419 | D:2      | Reached skill level 5 in Maces & Flails
  1419 | D:2      | Reached XP level 5. HP: 24/32 MP: 5/5
  1625 | D:3      | You fall through a shaft for 2 floors!
  1625 | D:5      | Entered Level 5 of the Dungeon
  1625 | D:5      | Noticed random's ghost (average DgFE)
  1642 | D:5      | Slain by a giant frog skeleton

Vault maps used:
D:1:      minmay_arrival_loop
D:2:      first_bread, uniq_natasha, uniq_terence
D:3:      minmay_divided_ellipse
D:5:      serial_column_ruins, column_ruins_columns_water,
          column_ruins_open_small, column_ruins_corridor_T,
          column_ruins_open_small, column_ruins_open_small

Action                   |  1- 3 |  4- 6 || total
-------------------------+-------+-------++-------
Melee: Flail             |   133 |   105 ||   238
  Eat: Chunk             |       |     3 ||     3
